 Dungeon Crawl Stone Soup version 0.18-b1-22-ge198996 (webtiles) character file.

362 oplop the Sneak (level 6, -5/28 HPs)
             Began as a Vine Stalker Enchanter on May 4, 2016.
             Was a Follower of Dithmenos.
             Killed by divine providence
             ... invoked by an orc priest
              (8 damage)
             ... on level 4 of the Dungeon.
             The game lasted 00:07:40 (2826 turns).

oplop the Sneak (Vine Stalker Enchanter)            Turns: 2826, Time: 00:07:41

Health: -5/28      AC:  3    Str: 11    XL:     6   Next: 66%
Magic:  0/12       EV: 12    Int: 15    God:    Dithmenos [*.....]
Gold:   228        SH:  0    Dex: 16    Spells: 4 memorised, 3 levels left

rFire  . . .     SeeInvis .     a - +1 dagger
rCold  . . .     Gourm    .     b - +1 robe
rNeg   . . .     Faith    .     (no shield)
rPois  .         Spirit   +     (no helmet)
rElec  .         Dismiss  .     (no cloak)
rCorr  .         Reflect  .     (no gloves)
SustAt .         Harm     .     (no boots)
MR     .....                    (no amulet)
Stlth  ++++......               (no ring)
                                (no ring)

@: lethally poisoned (-5 -> -8), wreathed by umbra, not resistant to hostile
enchantments, stealthy
A: fangs 2, regeneration 2, magic shield, antimagic bite, no device heal 3, rot
immunity
a: Renounce Religion


You were on level 4 of the Dungeon.
You worshipped Dithmenos.
Dithmenos was aware of your devotion.
You were not hungry.

You visited 1 branch of the dungeon, and saw 4 of its levels.

You collected 228 gold pieces.

Inventory:

Hand Weapons
 a - a +1 dagger (weapon)
Missiles
 t - 12 poisoned needles
Armour
 b - a +1 robe (worn)
Scrolls
 e - 4 scrolls of identify {unknown}
 g - a scroll of amnesia {unknown}
 h - 2 scrolls of enchant weapon {unknown}
 i - a scroll of teleportation {unknown}
 j - a scroll of immolation {unknown}
 k - 3 scrolls of remove curse {unknown}
 l - a scroll of magic mapping {unknown}
 n - a scroll of random uselessness {unknown}
 p - a scroll of enchant armour {unknown}
 s - 3 scrolls of recharging {unknown}
Potions
 f - 2 potions of curing {unknown}
 o - a potion of brilliance {unknown}
 q - 2 potions of might {unknown}
 u - a potion of agility {unknown}
Books
 c - a book of Maledictions

   Spells                             Type                      Level
   a - Corona                         Hexes                        1
   b - Ensorcelled Hibernation        Hexes/Ice                    2
   c - Confuse                        Hexes                        3
   d - Tukima's Dance                 Hexes                        3
   e - Dazzling Spray                 Conjuration/Hexes            3
Comestibles
 d - 3 bread rations
 m - 2 meat rations


   Skills:
 - Level 0.1 Fighting
 + Level 2.9 Short Blades
 - Level 1.6 Dodging
 + Level 5.6 Stealth
 + Level 3.8 Spellcasting
 + Level 4.4 Hexes


You had 3 spell levels left.
You knew the following spells:

 Your Spells              Type           Power        Failure   Level  Hunger
a - Corona                Hex            ###....      3%          1    None
b - Ensorcelled Hibernat  Hex/Ice        #.....       12%         2    ##.....
c - Confuse               Hex            ###.....     12%         3    ###....
d - Tukima's Dance        Hex            ###.....     12%         3    ###....


Dungeon Overview and Level Annotations

Branches:
Dungeon (4/15)
 Temple: D:4-7

Altars:
Dithmenos
Gozag
Okawaru
Ru
Yredelemnul

Annotations:
D:2 Crazy Yiuf
D:4 no0bjke's ghost, amateur MiBe


Innate Abilities, Weirdness & Mutations

You have extremely sharp teeth.
You heal very quickly.
When hurt, damage is shared between your health and your magic reserves.
Your bite disrupts and absorbs the magic of your enemies.
Potions and wands cannot restore your health.
You are immune to rotting.


Message History

* * * LOW HITPOINT WARNING * * *
You feel sick.
The orc priest shouts!
The orc shouts!
An orc wizard comes into view. It is wielding a dagger.
* * * LOW HITPOINT WARNING * * *
You feel sick.
An orc wizard comes into view. It is wielding a dagger.
A worm comes into view.
* * * LOW HITPOINT WARNING * * *
You feel sick. The orc misses you.
The orc wizard shouts! x2
You hit the orc.
The orc is lightly wounded.
* * * LOW HITPOINT WARNING * * *
You feel sick.
* * * LOW HITPOINT WARNING * * *
You feel sick.
The orc priest mumbles some strange prayers to Beogh against you.
Beogh smites you!
You die...

#†%.....#...
#..)......#
##.W......##
####.........####
#...............h
#.##........>##.
#.###.#...#..#
#.# #.###.#.....
#.# #.# #@# ###.#
#.# #.# #o# # #.#
#.# #.o.w.... #.#
.. ..o.###.. #.#
##...o#
#.###.##.....
#.....##.#..##
#..#####.#...
#....##.. .###


You could see an orc priest, 2 orc wizards, no0bjke's ghost and an orc.

Vanquished Creatures
  2 orc wizards
  3 orc priests
  Ijyb (D:2)
  Terence (D:2)
  3 gnolls
  5 adders
  A dart slug (D:1)
  5 giant geckos
  5 orcs
  A ball python (D:1)
  5 giant cockroaches
  8 goblins
  4 hobgoblins
  12 kobolds
  2 quokkas
  3 bats
  3 giant newts
  6 rats
70 creatures vanquished.

Vanquished Creatures (others)
  An orc wizard (D:4)
1 creature vanquished.

Grand Total: 71 creatures vanquished

Notes
Turn   | Place    | Note
--------------------------------------------------------------
     0 | D:1      | oplop the Vine Stalker Enchanter began the quest for the Orb.
     0 | D:1      | Reached XP level 1. HP: 9/9 MP: 4/4
   145 | D:1      | Reached XP level 2. HP: 13/13 MP: 4/6
   456 | D:1      | Reached skill level 1 in Short Blades
   502 | D:1      | Reached skill level 4 in Stealth
   506 | D:1      | Learned a level 2 spell: Ensorcelled Hibernation
   779 | D:2      | Reached XP level 3. HP: 7/16 MP: 0/7
   894 | D:2      | Noticed Terence
   903 | D:2      | Killed Terence
   956 | D:2      | Reached XP level 4. HP: 20/21 MP: 3/9
   975 | D:2      | Noticed Crazy Yiuf
  1047 | D:2      | Found a shadowy altar of Dithmenos.
  1057 | D:2      | Became a worshipper of Dithmenos the Shadowed
  1248 | D:2      | Noticed Ijyb
  1258 | D:2      | Killed Ijyb
  1344 | D:2      | Reached XP level 5. HP: 24/24 MP: 1/10
  1796 | D:3      | Found an iron altar of Okawaru.
  2075 | D:3      | Reached * piety under Dithmenos
  2103 | D:3      | Found an opulent altar of Gozag.
  2197 | D:3      | Found a sacrificial altar of Ru.
  2449 | D:3      | Reached skill level 5 in Stealth
  2451 | D:3      | Gained mutation: You heal very quickly. [Vine Stalker growth]
  2451 | D:3      | Reached XP level 6. HP: 28/28 MP: 9/12
  2484 | D:3      | Found a basalt altar of Yredelemnul.
  2764 | D:4      | Noticed no0bjke's ghost (amateur MiBe)
  2772 | D:4      | Learned a level 3 spell: Confuse
  2776 | D:4      | Learned a level 3 spell: Tukima's Dance
  2826 | D:4      | Killed from afar by an orc priest

Skill      XL: |  1  2  3  4  5 |
---------------+----------------+-----
Short Blades   | 1 2 |  2.9
Stealth        | 4 5 |  5.6
Spellcasting   | 3 |  3.8
Hexes          | 4 |  4.4
Fighting       | |  0.1
Dodging        | |  1.6

Action                   |  1- 3 |  4- 6 || total
-------------------------+-------+-------++-------
Melee: Dagger            |    54 |   171 ||   225
       Bite              |    13 |    35 ||    48
 Cast: Ensorcelled Hiber |     5 |    25 ||    30
       Confuse           |       |     3 ||     3
 Stab: Sleeping          |     6 |    19 ||    25
       Distracted        |       |     3 ||     3
       Confused          |       |     2 ||     2
  Eat: Chunk             |       |     7 ||     7
       Beef jerky        |       |     1 ||     1
Armor: Robe              |    13 |    23 ||    36
Dodge: Dodged            |    17 |    90 ||   107
